 Dungeon Crawl Stone Soup version 0.27-a0-760-gc38aae387d (webtiles) character file.

Game seed: 15032514613739607550

667 tsouns the Ducker (level 7, 0/52 HPs)
             Began as a Djinni Ice Elementalist on Mar 24, 2021.
             Was an Initiate of Gozag.
             Slain by a water moccasin skeleton (2 damage)
             ... on level 5 of the Dungeon.
             The game lasted 00:07:15 (4597 turns).

tsouns the Ducker (Djinni Ice Elementalist)         Turns: 4597, Time: 00:07:16

Health: 0/52       AC: 11    Str:  7    XL:     7   Next: 57%
Gold:   225        EV: 14    Int: 19    God:    Gozag SH:  0 Dex: 13

rFire    + + .     SeeInvis .   i - +1 halberd
rCold    x . .     Faith    .   (shield currently unavailable)
rNeg     . . .     Spirit   .   a - +0 robe
rPois    ∞         Reflect  .   l - +2 helmet
rElec    .         Harm     .   (no cloak)
rCorr    .         Rampage  .   (no gloves)
Will     .....                  (boots unavailable)
Stlth    ++........             (no amulet)
HPRegen  0.17/turn              j - ring of wizardry
MPRegen  0.00/turn              (no ring)

@: ice-armoured, flying
A: fire resistance 2, cold vulnerability 1, float, innate caster, hp casting,
extra vitality 1
a: Renounce Religion, Potion Petition, Call Merchant, Bribe Branch


You were on level 5 of the Dungeon.
You worshipped Gozag.
Gozag was aware of your devotion.
You visited 1 branch of the dungeon, and saw 5 of its levels.

You collected 258 gold pieces.
You paid 33 gold pieces to Gozag.

Inventory:

Hand Weapons
 g - a +0 flail
 i - a +1 halberd (weapon)
Armour
 a - a +0 robe (worn)
 l - a +2 helmet (worn)
Jewellery
 j - a ring of wizardry (right hand)
 k - a +4 ring of protection
Wands
 m - a wand of random effects (19)
Scrolls
 b - a scroll of teleportation
 c - a scroll of amnesia
 d - a scroll of fear
 f - a scroll of identify
Potions
 e - a potion of cancellation
 h - a potion of heal wounds
 n - a potion of flight {unknown}


   Skills:
 + Level 4.1 Fighting
 + Level 1.9 Polearms
 + Level 5.2 Dodging
 - Level 1.5 Stealth
 + Level 5.1 Spellcasting


You couldn't memorise any spells.
You knew the following spells:

 Your Spells              Type           Power      Damage    Failure   Level
a - Freeze                Ice            96%        1d11      1%          1
b - Frozen Ramparts       Ice            48%        1d6       1%          3
c - Ozocubu's Armour      Ice            24%        N/A       1%          3
d - Hailstorm             Conj/Ice       24%        3d7       6%          4
e - Summon Ice Beast      Ice/Summ       24%        N/A       6%          4
f - Sandblast             Erth           48%        2d12      1%          1
g - Wereblood             Tmut           24%        N/A       1%          2
h - Vampiric Draining     Necr           12%        2d7       1%          3
Your spell library was empty.

Dungeon Overview and Level Annotations

Branches:
Dungeon (6/15)
 Temple: D:4-7

Altars:
Gozag
Qazlal
Yredelemnul


Innate Abilities, Weirdness & Mutations

You are immune to poison.
Your flesh is very heat resistant. (rF++)
You are vulnerable to cold. (rC-)
You float through the air rather than walking.
You learn spells naturally, not from books.
Your magical power is your life essence.
You have superior vitality. (+4 HP)


Message History

Unknown command.
You puncture the howler monkey zombie!
You destroy the howler monkey zombie!
The water moccasin skeleton bites you.
* * * LOW HITPOINT WARNING * * *
The water moccasin skeleton completely misses you.
Unknown command.
Your icy armour will break if you move.
Continue?
Okay, then.
You hit the water moccasin skeleton but do no damage.
The water moccasin skeleton is lightly damaged.
The water moccasin skeleton bites you.
* * * LOW HITPOINT WARNING * * *
You barely miss the water moccasin skeleton.
The water moccasin skeleton is lightly damaged.
The water moccasin skeleton closely misses you.
The water moccasin skeleton misses you.
You barely miss the water moccasin skeleton.
The water moccasin skeleton is lightly damaged.
The water moccasin skeleton bites you.
* * * LOW HITPOINT WARNING * * *
The water moccasin skeleton closely misses you.
You puncture the water moccasin skeleton!
The water moccasin skeleton is moderately damaged.
The water moccasin skeleton bites you but does no damage.
You slash the water moccasin skeleton!
The water moccasin skeleton is heavily damaged.
The water moccasin skeleton bites you.
* * * LOW HITPOINT WARNING * * *
The water moccasin skeleton completely misses you.
You hit the water moccasin skeleton.
The water moccasin skeleton is severely damaged.
The water moccasin skeleton misses you. The water moccasin skeleton bites you.
* * * LOW HITPOINT WARNING * * *
You barely miss the water moccasin skeleton.
The water moccasin skeleton is severely damaged.
The water moccasin skeleton barely misses you.
The water moccasin skeleton bites you.
You die...
Your body crumbles into a pile of gold.

.# $ .# # #.#. .
## ###...
....##Z##.#.##
....$$$@$....#####
.....<###$........
..#.####......#..
.. #....>..## .
..........##
.##......##
#.hh..S..
#.........
#.........


You could see a water moccasin skeleton.

Vanquished Creatures
  A water moccasin (D:5)
  A sky beast (D:6)
  A necrophage (D:6)
  An ogre (D:2)
  A jelly (D:6)
  A hound (D:6)
  A worker ant (D:6)
  A howler monkey zombie (D:5)
  5 adders
  8 gnolls
  3 white imps
  3 orcs (D:5)
  5 bats
  5 endoplasms
  3 giant cockroaches
  4 hobgoblins
  3 jackals (D:5)
  2 quokkas
  3 ball pythons
  5 frilled lizards
  A kobold (D:2)
  3 rats
61 creatures vanquished.

Notes
Turn   | Place    | Note
-------+----------+-------------------------------------------
     0 | D:1      | tsouns the Djinni Ice Elementalist began the quest for the
                  | Orb.
     0 | D:1      | Reached XP level 1. HP: 15/15 MP: 0/0
   378 | D:1      | Reached XP level 2. HP: 20/22 MP: 0/0
   594 | D:1      | Reached skill level 1 in Fighting
   979 | D:2      | Reached XP level 3. HP: 21/27 MP: 0/0
   979 | D:2      | Learned a level 1 spell: Sandblast
   989 | D:1      | HP: 1/27 [gnoll/+0 club (7)]
  1359 | D:2      | Reached XP level 4. HP: 1/33 MP: 0/0
  2138 | D:2      | Reached XP level 5. HP: 11/39 MP: 0/0
  2138 | D:2      | Learned a level 2 spell: Wereblood
  2723 | D:2      | Found an opulent altar of Gozag.
  2724 | D:2      | Found a stormy altar of Qazlal.
  2724 | D:2      | Found a basalt altar of Yredelemnul.
  2747 | D:2      | Became a worshipper of Gozag Ym Sagoz the Greedy
  3152 | D:2      | Noticed an ogre
  3161 | D:2      | Killed an ogre
  3162 | D:2      | Reached XP level 6. HP: 20/46 MP: 0/0
  3476 | D:3      | You are sucked into a shaft and drop 3 floors!
  3928 | D:6      | Noticed a sky beast
  3945 | D:6      | Killed a sky beast
  3946 | D:6      | Reached skill level 1 in Polearms
  4167 | D:6      | Noticed a necrophage
  4173 | D:6      | Killed a necrophage
  4174 | D:6      | Reached XP level 7. HP: 34/51 MP: 0/0
  4174 | D:6      | Learned a level 3 spell: Vampiric Draining
  4566 | D:5      | Entered Level 5 of the Dungeon
  4574 | D:5      | Reached skill level 5 in Spellcasting
  4584 | D:5      | Reached skill level 5 in Dodging
  4596 | D:5      | HP: 1/52 [water moccasin skeleton (4)]
  4597 | D:5      | Slain by a water moccasin skeleton

Illustrated notes

Levels and vault maps discovered:
D:1:      dpeg_arrival_round_b, layout_basic, item_on_display_a
D:2:      layout_basic, minitemple, st_stairs_14
D:3:      layout_basic, old_standard_altar, chequers_ecumenical_altar_simple,
          fedhas_ov_isle_minmay, uniq_sigmund
D:5:      layout_cave_pools, minmay_temple_entry_waves, serial_shops,
          nicolae_shop_crystal
D:6:      layout_basic

Skill      XL: |  1  2  3  4  5  6  7 |
---------------+----------------------+-----
Fighting       | 1 2 3 4 |  4.1
Dodging        | 3 4 5 |  5.2
Spellcasting   | 4 5 |  5.1
Polearms       | 1 |  1.9
Stealth        | |  1.5

Action                   |  1- 3 |  4- 6 |  7- 9 || total
-------------------------+-------+-------+-------++-------
Melee: Unarmed           |     3 |       |       ||     3
       Flail             |       |     8 |       ||     8
       Halberd           |       |    20 |    21 ||    41
 Cast: Freeze            |    42 |    36 |     2 ||    80
       Hailstorm         |       |     8 |     4 ||    12
       Frozen Ramparts   |       |     6 |     1 ||     7
       Ozocubu's Armour  |       |       |     1 ||     1
  Use: Potion            |       |     1 |       ||     1
       Scroll            |       |     6 |       ||     6
 Stab: Sleeping          |       |     4 |       ||     4
Armor: Robe              |     5 |     6 |     5 ||    16
       Skin              |       |     8 |       ||     8
Dodge: Dodged            |    23 |    28 |    20 ||    71

Table legend: (Time is in decaauts)
 A = Elapsed time spent in this place.
 B = Non-inter-level travel time spent in this place.
 C = Inter-level travel time spent in this place.
 D = Time resting spent in this place.
 E = Time spent auto-exploring this place.
 F = Levels seen in this place.
 G = Mean time per level.
                   A        B        C        D        E       F      G
               +--------+--------+--------+--------+--------+-----+--------+
         Total |   4618 |   4596 |     22 |    276 |   3771 |   5 |  923.6 |
       Dungeon |   4618 |   4596 |     22 |    276 |   3771 |   5 |  923.6 |
               +--------+--------+--------+--------+--------+-----+--------+

Top non-repeatable levels by time:
     D:2: 2066 daAuts
     D:1: 1325 daAuts
     D:6: 1095 daAuts
     D:3: 95 daAuts
     D:5: 36 daAuts
